 Dungeon Crawl Stone Soup version 0.19-a0-1889-g9c603be (webtiles) character file.

214 dvd the Stinger (level 5, -4/31 HPs)
             Began as an Octopode Venom Mage on Oct 17, 2016.
             Was an Initiate of Vehumet.
             Killed from afar by dvd's ghost (7 damage)
             ... with a sting
             ... on level 5 of the Dungeon.
             The game lasted 00:10:37 (4033 turns).

dvd the Stinger (Octopode Venom Mage)               Turns: 4033, Time: 00:10:42

Health: -4/31      AC:  1    Str:  7    XL:     5   Next: 91%
Magic:  9/9        EV: 13    Int: 21    God:    Vehumet [......]
Gold:   266        SH:  0    Dex: 10    Spells: 2 memorised, 5 levels left

rFire  + . .     SeeInvis .     a - +2 dagger (speed)
rCold  . . .     Gourm    .     (no shield)
rNeg   . . .     Faith    .     (helmet restricted)
rPois  .         Spirit   .     q - amulet of magic regeneration (curse)
rElec  .         Reflect  .     e - ring of protection from fire
rCorr  .         Harm     .     g - -3 ring of dexterity (curse)
MR     .....                    c - +3 ring of intelligence
Stlth  +++.......               (no ring)
                                (no ring)
                                (no ring)
                                (no ring)
                                (no ring)

@: lethally poisoned (-4 -> -8)
A: almost no armour, stealthy swim, amphibious, 8 rings, constrict 8, camouflage
1, gelatinous body 1
a: Renounce Religion


You were on level 5 of the Dungeon.
You worshipped Vehumet.
Vehumet was noncommittal.
You were not hungry.

You visited 2 branches of the dungeon, and saw 6 of its levels.

You collected 266 gold pieces.

Inventory:

Hand Weapons
 a - a +2 dagger of speed (weapon)
Jewellery
 c - a +3 ring of intelligence (on tentacle)
 e - a ring of protection from fire (left tentacle)
 g - a cursed -3 ring of dexterity (right tentacle)
 q - a cursed amulet of magic regeneration (around mantle)
Wands
 i - a wand of flame (13/48)
Scrolls
 h - a scroll of amnesia {unknown}
 j - 2 scrolls of teleportation
 k - 6 scrolls of identify
Potions
 l - a potion of brilliance {unknown}
 m - a potion of curing {unknown}
 n - 2 potions of haste {unknown}
 o - a potion of might
 r - 3 potions of degeneration {unknown}
 s - 2 potions of heal wounds {unknown}
 u - 3 potions of flight {unknown}
Books
 p - a Young Poisoner's Handbook

   Spells                             Type                      Level
   a - Sting                          Conjuration/Poison           1
   b - Mephitic Cloud                 Conjuration/Poison/Air       3
   c - Olgreb's Toxic Radiance        Poison                       4
   d - Alistair's Intoxication        Transmutation/Poison         5
   e - Venom Bolt                     Conjuration/Poison           5
Comestibles
 b - 7 bread rations
 f - 3 slices of pizza
 t - a beef jerky
 v - a meat ration


   Skills:
 + Level 0.2 Fighting
 + Level 0.6 Short Blades
 + Level 2.4 Dodging
 + Level 3.9 Stealth
 + Level 3.0 Spellcasting
 + Level 1.5 Conjurations
 + Level 6.5 Poison Magic


You had 5 spell levels left.
You knew the following spells:

 Your Spells              Type           Power        Failure   Level  Hunger
a - Sting                 Conj/Pois      ###.         2%          1    None
b - Olgreb's Toxic Radia  Pois           ####....     12%         4    ####...


Dungeon Overview and Level Annotations

Branches:
Dungeon (5/15)             Temple (1/1) D:4

Altars:
Ashenzari
Cheibriados
Dithmenos
Elyvilon
Fedhas
Gozag
Hepliaklqana
Kikubaaqudgha
Makhleb
Nemelex Xobeh
Okawaru
Qazlal
Ru
Sif Muna
Trog
Uskayaw
Vehumet
Xom
Yredelemnul
Zin
The Shining One

Annotations:
D:4 Lochraine's ghost, novice HOCK
D:5 dvd's ghost, amateur OpVM


Innate Abilities, Weirdness & Mutations

You cannot wear most types of armour.
You are very stealthy in the water. (Stealth+)
You are amphibious.
You can wear up to eight rings at the same time.
You can use your tentacles to constrict eight enemies at once.
Your skin changes colour to match your surroundings (Stealth+).
Your rubbery body absorbs attacks. (AC +1, EV +1)


Message History

You hit the centaur.
The centaur is moderately wounded.
You hit the centaur.
The centaur is heavily wounded.
The centaur hits you.
Dvd's ghost tells you, "None of this matters.
None of this is real!"
The centaur barely misses you.
You hit the centaur.
The centaur is heavily wounded.
You hit the centaur.
The centaur is severely wounded.
The centaur closely misses you.
You hit the centaur. Your squeeze misses the centaur.
The centaur is severely wounded.
The centaur hits you!
* * * LOW HITPOINT WARNING * * *
Dvd's ghost casts a spell at you. The sting hits you!
You are lethally poisoned!
You die...

........#
........#
...>....#
........#
...8..# ...W###
#....###.##
.#####c@........
..........###.#
.....)......#
#########.#.#
..........# #
########<.# #..#
...# ##..#


You could see a centaur and dvd's ghost.

Vanquished Creatures
  A bullfrog skeleton (D:5)
  6 adders
  3 oozes
  6 worms
  2 dart slugs
  3 leopard geckos
  8 orcs
  16 bats
  5 giant cockroaches
  5 goblins
  10 hobgoblins
  3 jackals (D:2)
  9 kobolds
  A quokka (D:3)
  A ball python (D:1)
  2 frilled lizards
  8 rats
89 creatures vanquished.

Notes
Turn   | Place    | Note
-------+----------+-------------------------------------------
     0 | D:1      | dvd the Octopode Venom Mage began the quest for the Orb.
     0 | D:1      | Reached XP level 1. HP: 11/11 MP: 3/3
    27 | D:1      | Reached skill level 5 in Poison Magic
   146 | D:1      | Reached XP level 2. HP: 17/17 MP: 3/5
   691 | D:1      | Reached XP level 3. HP: 19/21 MP: 2/6
  1434 | D:2      | Reached XP level 4. HP: 23/27 MP: 1/7
  1440 | D:2      | Learned a level 4 spell: Olgreb's Toxic Radiance
  1784 | D:2      | Reached skill level 1 in Conjurations
  2441 | D:3      | Reached XP level 5. HP: 31/31 MP: 9/9
  2506 | D:3      | Reached skill level 6 in Poison Magic
  2928 | D:4      | Noticed Lochraine's ghost (novice HOCK)
  3148 | D:4      | Found a staircase to the Ecumenical Temple.
  3159 | Temple   | Entered the Ecumenical Temple
  3273 | Temple   | Became a worshipper of Vehumet
  4010 | D:5      | Entered Level 5 of the Dungeon
  4025 | D:5      | Noticed a centaur
  4025 | D:5      | Noticed dvd's ghost (amateur OpVM)
  4033 | D:5      | Killed from afar by dvd's ghost

Vault maps used:
D:1:      dpeg_arrival_more_subterranean_lakeside_camping, grunt_decor_fettered
D:4:      first_bread
D:5:      serial_shops, shop, kennysheep_little_box, shop_fountains,
          moated_statue, st_stairs_1, fedhas_altar_2
Temple:   regret_index_temple_sigil_plot

Skill      XL: |  1  2  3  4  5 |
---------------+----------------+-----
Poison Magic   | 5 6 |  6.5
Stealth        | 3 |  3.9
Conjurations   | 1 |  1.5
Spellcasting   | 3 |  3.0
Fighting       | |  0.2
Short Blades   | |  0.6
Dodging        | |  2.4

Action                   |  1- 3 |  4- 6 || total
-------------------------+-------+-------++-------
Melee: Unarmed           |     5 |       ||     5
       Constrict         |     8 |    10 ||    18
       Tentacles         |     3 |     8 ||    11
       Short sword       |    31 |    14 ||    45
       Dagger            |       |    50 ||    50
 Cast: Sting             |    64 |    62 ||   126
       Olgreb's Toxic Ra |       |     7 ||     7
  Use: Scroll            |       |     8 ||     8
 Stab: Sleeping          |     2 |     8 ||    10
  Eat: Chunk             |     2 |     9 ||    11
Armor: Skin              |     4 |     2 ||     6
Dodge: Dodged            |    34 |    38 ||    72
